 Dungeon Crawl Stone Soup version 0.31-a0-1009-g454b1f1e0a (webtiles) character file.

Game seed: 12753655392202308425

140 Queen the Changeling (level 5, -1/39 HPs)
             Began as a Merfolk Shapeshifter on Nov 15, 2023.
             Killed by nerve-wracking pain
             ... invoked by an orc priest
              (13 damage)
             ... on level 4 of the Dungeon.
             The game lasted 00:06:34 (3594 turns).

Queen the Changeling (Merfolk Shapeshifter)         Turns: 3594, Time: 00:06:35

Health: -1/39      AC:  3    Str: 16    XL:     5   Next: 23%
Magic:  5/5        EV: 13    Int: 10    God:
Gold:   111        SH:  0    Dex: 13    Spells: 4/4 levels left

rFire   . .          .
                       - Unarmed
rCold   . . .        (no shield)
rNeg    . . .        a - +1 animal skin
rPois   .            (helmet currently unavailable)
rElec   .            (cloak currently unavailable)
rCorr   .            (gloves currently unavailable)
SInv    .            (boots currently unavailable)
Will    .....        (no amulet)
Stlth   +            (no ring)
HPRegen 0.26/turn    (no ring)
MPRegen 0.09/turn

%: no passive effects
@: beast-form
A: beast (slay +2), (nimble swimmer 2), mertail
a: Begin Untransformation


You were on level 4 of the Dungeon.
You were a hulking beast.
You visited 1 branch of the dungeon, and saw 4 of its levels.

You collected 111 gold pieces.

Inventory:

Missiles
 o - 6 atropa-tipped darts
Armour
 a - a +1 animal skin (worn)
Talismans
 c - a beast talisman
 d - a flux talisman
 m - a dragon-blood talisman
Wands
 n - a wand of polymorph (7)
Scrolls
 e - a scroll of enchant armour
 g - a scroll of brand weapon {unknown}
 i - a scroll of amnesia {unknown}
 k - a scroll of enchant weapon {unknown}
 l - 2 scrolls of fear
 q - a scroll of teleportation {unknown}
 r - a scroll of identify {unknown}
 s - a scroll of fog {unknown}
Potions
 b - a potion of lignification
 f - 3 potions of curing {unknown}
 h - 4 potions of brilliance {unknown}
 j - a potion of might {unknown}
 p - a potion of attraction {unknown}


   Skills:
 + Level 2.6 Fighting
 + Level 4.1 Dodging
 + Level 4.3 Unarmed Combat
 + Level 4.9 Shapeshifting


You had 4 spell levels left.
You didn't know any spells.
Your spell library contained the following spells:

 Spells                   Type           Power      Damage    Failure   Level
 Wereblood                Tmut           0%         N/A       50%         2
 Hailstorm                Conj/Ice       0%         3d3       75%         3
 Summon Ice Beast         Ice/Summ       0%         N/A       98%         4
 Irradiate                Conj/Tmut      0%         3d11      100%        5
 Simulacrum               Ice/Necr       0%         N/A       100%        6


Dungeon Overview and Level Annotations

Branches:
Dungeon (4/15)
 Temple: D:4-7

Altars:
Ashenzari


Innate Abilities, Weirdness & Mutations

You are a hulking beast.
Your limbs bulge with bestial killing power. (Slay +2)
((You are very nimble when in or above water. (Stealth+, EV+, Speed+++)))
Your lower body shifts to a powerful aquatic tail in water.


Message History

You take 2 damage, and have 37/39 hp.
You punch the orc!
You kill the orc!
The ufetubus hits you but does no damage.
The ufetubus closely misses you.
The ufetubus hits you but does no damage.
The ufetubus misses you.
You hit the ufetubus.
The ufetubus is severely wounded.
You hit the ufetubus.
The ufetubus is moderately wounded.
The ufetubus slips past you! The ufetubus hits you.
The ufetubus closely misses you.
You take 4 damage, and have 33/39 hp.
The ufetubus attacks as it pursues you!
The ufetubus hits you but does no damage.
The ufetubus hits you. The ufetubus barely misses you. The ufetubus hits you.
The orc priest hits you with a +0 club.
You take 6 damage, and have 27/39 hp.
You hit the ufetubus.
The ufetubus is heavily wounded.
The ufetubus hits you but does no damage.
The ufetubus misses you. The ufetubus closely misses you.
The ufetubus misses you.
The orc priest begins to cast a cantrip, but forgets the words!
The ufetubus barely misses you. The ufetubus hits you. x3
You take 10 damage, and have 17/39 hp.
MASSIVE DAMAGE!!
You closely miss the orc priest.
The ufetubus hits you but does no damage.
The ufetubus barely misses you. The ufetubus hits you.
The ufetubus hits you but does no damage.
The orc priest misses you.
You take 2 damage, and have 15/39 hp.
You punch the orc priest!
The orc priest is heavily wounded.
The ufetubus hits you. The ufetubus misses you.
The ufetubus closely misses you. The ufetubus hits you.
The orc priest invokes the aid of Beogh against you.
Pain shoots through your body!
You die...

#.####### #.#...... ####.#.####.
#.......# #. #....#..# #.
#############..# #. ##
#..............# #.
.##############o############.###.
o.....5.......o5h5.....>#.....##.
.#################.#.##.#.######.
.# #.#.##.#.....### .#
#.#.......#....# <.
#.#.##.##.#....# .[
#.####.##.#....# ...
#.####.##.#....# ...
#.........#....# ######.####....#


You could see an orc priest, 2 ufetubi and an orc.

Vanquished Creatures
  An orc wizard (D:3)
  4 adders
  A dart slug (D:1)
  5 orcs
  5 ball pythons
  6 endoplasms
  3 giant cockroaches
  5 goblins
  2 hobgoblins
  8 jackals
  8 kobolds
  2 quokkas
  5 bats
  6 frilled lizards
  7 rats
68 creatures vanquished.

Notes
Turn   | Place    | Note
-------+----------+-------------------------------------------
     0 | D:1      | Queen the Merfolk Shapeshifter began the quest for the Orb.
     0 | D:1      | Reached XP level 1. HP: 15/15 MP: 1/1
     2 | D:1      | Noticed a draconian
     2 | D:1      | Noticed a vine stalker
     4 | D:1      | Noticed a meteoran
     4 | D:1      | Noticed a demonspawn
     6 | D:1      | Noticed an octopode
     8 | D:1      | Noticed a troll
     8 | D:1      | Noticed an elf
    10 | D:1      | Noticed an armataur
    10 | D:1      | Noticed a merfolk
    12 | D:1      | Noticed a minotaur
    14 | D:1      | Noticed a spriggan
    14 | D:1      | Noticed a human
    16 | D:1      | Noticed a demigod
    16 | D:1      | Noticed a naga
    18 | D:1      | Noticed a gargoyle
    18 | D:1      | Noticed a tengu
    20 | D:1      | Noticed a vampire
    22 | D:1      | Noticed an ogre
    22 | D:1      | Noticed a formicid
    25 | D:1      | Noticed a merfolk
    25 | D:1      | Noticed a felid
    27 | D:1      | Noticed a felid
    27 | D:1      | Noticed an octopode
   201 | D:1      | Reached XP level 2. HP: 18/21 MP: 2/2
   670 | D:1      | Reached XP level 3. HP: 26/27 MP: 3/3
   726 | D:1      | Found a faded altar of an unknown god.
  1465 | D:1      | Found a faded altar of an unknown god.
  1892 | D:2      | Reached XP level 4. HP: 16/33 MP: 4/4
  2683 | D:3      | Found a broken altar of Ashenzari.
  2921 | D:3      | Reached XP level 5. HP: 5/39 MP: 5/5
  3594 | D:4      | Killed from afar by an orc priest

Illustrated notes

Levels and vault maps discovered:
D:1:      kb_arrival_jail, layout_basic, shapermc_ecumenical_altar_mp_vishouse
D:2:      layout_rooms
D:3:      layout_basic, mainiacjoe_overflow_brackets
D:4:      layout_basic, chequers_serial_rivers_micro_a

Skill      XL: |  1  2  3  4 |
---------------+-------------+-----
Dodging        | 3 4 |  4.1
Fighting       | 2 |  2.6
Unarmed Combat | 4 |  4.3
Shapeshifting  | |  4.9

Action                     |  1- 3 |  4- 6 || total
---------------------------+-------+-------++-------
  Melee: Unarmed           |   115 |   105 ||   220
         Punch             |     2 |     2 ||     4
    Use: Scroll            |       |     2 ||     2
   Stab: Sleeping          |     1 |     1 ||     2
 Armour: Animal skin       |    63 |    65 ||   128
  Dodge: Dodged            |    82 |    49 ||   131

Table legend: (Time is in decaauts)
 A = Elapsed time spent in this place.
 B = Non-inter-level travel time spent in this place.
 C = Inter-level travel time spent in this place.
 D = Time resting spent in this place.
 E = Time spent auto-exploring this place.
 F = Levels seen in this place.
 G = Mean time per level.
                   A        B        C        D        E       F      G
               +--------+--------+--------+--------+--------+-----+--------+
         Total |   3579 |   3493 |     86 |    334 |   2655 |   4 |  894.8 |
       Dungeon |   3579 |   3493 |     86 |    334 |   2655 |   4 |  894.8 |
               +--------+--------+--------+--------+--------+-----+--------+

Top non-repeatable levels by time:
     D:1: 1629 daAuts
     D:2: 1083 daAuts
     D:3: 691 daAuts
     D:4: 175 daAuts
